 Dungeon Crawl Stone Soup version 0.28-a0-687-gb91baff9cc (webtiles) character file.

Game seed: 10930206486214580172

729 kae the Insei (level 7, 0/58 HPs)
             Began as a Pale Draconian Transmuter on Oct 19, 2021.
             Was an Initiate of Wu Jian.
             Slain by an unseen horror (7 damage)
             ... on level 5 of the Dungeon.
             The game lasted 00:04:41 (5995 turns).

kae the Insei (Pale Draconian Transmuter)           Turns: 5995, Time: 00:04:42

Health: 0/58       AC:  6    Str: 12    XL:     7   Next: 44%
Magic:  12/12      EV: 13    Int: 15    God:    Wu Jian [......]
Gold:   585        SH:  0    Dex: 12    Spells: 5/13 levels left

rFire   . . .      SeeInvis .     - Unarmed
rCold   . . .      Faith    .   (no shield)
rNeg    . . .      Spirit   .   (armour unavailable)
rPois   .          Reflect  .   (helmet restricted)
rElec   .          Harm     .   (no cloak)
rCorr   .          Rampage  .   (no gloves)
Will    .....                   (no boots)
Stlth   +.........              (no amulet)
HPRegen 0.19/turn               (no ring)
MPRegen 0.13/turn               (no ring)

@: short of breath
A: breathe steam, AC +6, unfitting armour, cold-blooded, steam resistance
a: Breathe Steam, Renounce Religion


You were on level 5 of the Dungeon.
You worshipped Wu Jian.
Wu Jian was noncommittal.
You visited 2 branches of the dungeon, and saw 6 of its levels.

You collected 585 gold pieces.

Inventory:

Jewellery
 g - a ring of see invisible
Wands
 c - a wand of acid (8)
Scrolls
 a - 4 scrolls of teleportation
 i - 2 scrolls of magic mapping
 j - 2 scrolls of enchant weapon
 l - a scroll of vulnerability {unknown}
Potions
 b - a potion of cancellation
 d - 2 potions of curing
 e - 2 potions of invisibility
 f - a potion of might
 h - 4 potions of flight
 k - 3 potions of heal wounds {unknown}


   Skills:
 + Level 3.7 Fighting
 + Level 3.5 Dodging
 + Level 4.4 Unarmed Combat
 + Level 3.6 Spellcasting
 + Level 3.8 Transmutations
 * Level 2.4 Ice Magic
 - Level 1.0 Poison Magic


You had 5 spell levels left.
You knew the following spells:

 Your Spells              Type           Power      Damage    Failure   Level
a - Beastly Appendage     Tmut           28%        N/A       3%          1
b - Spider Form           Tmut/Pois      5%         N/A       21%         3
c - Ice Form              Ice/Tmut       12%        N/A       45%         4

Your spell library contained the following spells:

 Spells                   Type           Power      Damage    Failure   Level
 Wereblood                Tmut           14%        N/A       6%          2
 Freeze                   Ice            40%        1d6       7%          1
 Animate Skeleton         Necr           4%         N/A       19%         1
 Apportation              Tloc           4%         N/A       19%         1
 Pain                     Necr           8%         1d4       19%         1
 Summon Small Mammal      Summ           8%         N/A       19%         1
 Ignite Poison            Fire/Tmut/Pois 7%         N/A       28%         3
 Conjure Flame            Conj/Fire      2%         6-21      50%         3
 Sticky Flame             Conj/Fire      2%         2d3       88%         4
 Agony                    Necr           2%         N/A       99%         5
 Excruciating Wounds      Necr           1%         N/A       99%         5


Dungeon Overview and Level Annotations

Branches:
Dungeon (5/15)             Temple (1/1) D:4

Altars:
Ashenzari
Cheibriados
Elyvilon
Fedhas
Gozag
Hepliaklqana
Makhleb
Nemelex Xobeh
Okawaru
Qazlal
Ru
Sif Muna
Trog
Uskayaw
Vehumet
Wu Jian
Xom
Yredelemnul
Zin
The Shining One


Innate Abilities, Weirdness & Mutations

You can breathe blasts of scalding, opaque steam.
Your pale cyan-grey scales are hard. (AC +6)
You cannot fit into any form of body armour.
You are cold-blooded and may be slowed by cold attacks.
You are immune to the effects of steam.


Message History

There is a large open door here.
Something hits you.
Something hits you but does no damage. x2
Your horns disappear.
Your talons disappear.
Something hits you. Something hits you! Something hits you. Something hits you.
Something hits you but does no damage.
Press: ? - help, Shift-Dir - straight line, f - necrophage
Aim: a necrophage (lightly damaged)
You exhale a blast of scalding steam.
The ball of steam hits something.
The ball of steam hits the necrophage!
The necrophage is moderately damaged.
Something hits you.
The necrophage is engulfed in a cloud of scalding steam.
You hit something. Something hits you.
* * * LOW HITPOINT WARNING * * *
Something hits you.
* * * LOW HITPOINT WARNING * * *
The necrophage is engulfed in a cloud of scalding steam.
Something hits you.
* * * LOW HITPOINT WARNING * * *
The Council accepts your kill.
You feel a bit more experienced.
Drinking this now will have no effect.
You feel better. Something hits you.
* * * LOW HITPOINT WARNING * * *
Something completely misses you.
You miss something. Something hits you but does no damage.
The necrophage is engulfed in a cloud of scalding steam.
Something hits you but does no damage.
You miss something. Something barely misses you. Something hits you!
* * * LOW HITPOINT WARNING * * *
The necrophage is engulfed in a cloud of scalding steam.
You destroy the necrophage!
The Council accepts your kill.
Your life force feels restored.
You hit something but do no damage. Something hits you.
* * * LOW HITPOINT WARNING * * *
Something hits you!
You die...

≈≈≈P≈# #..##.........
≈≈≈≈♣# #..##.........
≈≈≈≈. #.§.#.......≈.
. #...'.....(.$# ≈ #
###...'Z......!# ≈ .
#.#....##.......≈. ≈
#.#.#.##§##.........
♣ .... #{##.........
≈ #....##@###........
##. #.#..# ##.......
....#.(.## ###......
##.(.....###.##... #
#..#.....##†.# #
#.♣≈.≈♣...##.# ##
####.≈.P≈≈.#.##.# .#
#.....≈≈≈..#..#.####
.##
#.###.#.####.......##


There were no monsters in sight!

Vanquished Creatures
  Sigmund (D:4)
  A necrophage (D:5)
  A sky beast (D:5)
  A water moccasin skeleton (D:5)
  A howler monkey (D:5)
  A centaur skeleton (D:5)
  A hound (D:5)
  A bullfrog skeleton (D:5)
  2 iguanas (D:5)
  An orc wizard (D:4)
  5 adders
  An ufetubus (D:4)
  An adder zombie (D:5)
  An adder skeleton (D:4)
  3 worms
  3 dart slugs
  6 orcs
  9 ball pythons
  9 endoplasms
  3 giant cockroaches
  6 goblins
  3 hobgoblins
  2 quokkas
  5 bats
  6 frilled lizards
  3 kobolds
  3 rats
80 creatures vanquished.

Vanquished Creatures (others)
  2 fungi (D:2)
  30 plants (D:5)
32 creatures vanquished.

Grand Total: 112 creatures vanquished

Notes
Turn   | Place    | Note
-------+----------+-------------------------------------------
     0 | D:1      | kae the Draconian Transmuter began the quest for the Orb.
     0 | D:1      | Reached XP level 1. HP: 16/16 MP: 3/3
   296 | D:1      | Reached XP level 2. HP: 21/23 MP: 3/5
  1295 | D:2      | Reached XP level 3. HP: 29/29 MP: 4/6
  1329 | D:2      | Learned a level 3 spell: Spider Form
  1525 | D:2      | Found a faded altar of an unknown god.
  1531 | D:2      | Got Plato's Handbook of the Snowflakes
  2735 | D:3      | Reached XP level 4. HP: 18/36 MP: 7/7
  2923 | D:3      | Found a stormy altar of Qazlal.
  4058 | D:3      | Identified a scroll of acquirement
  4058 | D:3      | Acquired 389 gold pieces
  4185 | D:4      | Reached XP level 5. HP: 28/42 MP: 9/9
  4304 | D:4      | Found an iron altar of Okawaru.
  4584 | D:4      | Found a staircase to the Ecumenical Temple.
  4593 | Temple   | Entered the Ecumenical Temple
  4732 | Temple   | Became a worshipper of the Wu Jian Council
  4968 | D:4      | Noticed Sigmund
  4982 | D:4      | Killed Sigmund
  4983 | D:4      | Reached skill level 4 in Unarmed Combat
  4983 | D:4      | Reached XP level 6. HP: 36/51 MP: 7/10
  5274 | D:4      | Learned a level 4 spell: Ice Form
  5285 | D:5      | Entered Level 5 of the Dungeon
  5420 | D:5      | Reached skill level 1 in Ice Magic
  5452 | D:5      | Noticed a sky beast
  5472 | D:5      | Killed a sky beast
  5473 | D:5      | Reached skill level 1 in Poison Magic
  5473 | D:5      | Your scales start taking on a pale cyan-grey colour.
  5473 | D:5      | Reached XP level 7. HP: 26/57 MP: 9/12
  5473 | D:5      | Gained mutation: You are immune to the effects of steam.
                  | [Pale Draconian growth]
  5995 | D:5      | Slain by an unseen horror

Illustrated notes

Levels and vault maps discovered:
D:1:      ncdulo_lavacross, layout_basic
D:2:      layout_basic, shapermc_ecumenical_altar_rom_forum, amethyst_killhole
D:3:      minmay_evil_eye, layout_basic, old_standard_altar,
          serial_corexii_hall, chequers_hall_statues_corner_a,
          chequers_hall_statues_y
D:4:      layout_loops_ring, okawaru_gym_becter, minmay_temple_entry_hall,
          kennysheep_small_spiral, uniq_sigmund
D:5:      kennysheep_big_flooded_room, layout_rooms, serial_bayou,
          serial_bayou_lagoon_b, serial_bayou_pond_a, serial_bayou_lake_a,
          serial_bayou_pond_e
Temple:   regret_index_temple_mists

Skill      XL: |  1  2  3  4  5  6  7 |
---------------+----------------------+-----
Dodging        | 2 3 |  3.5
Fighting       | 2 3 |  3.7
Unarmed Combat | 4 |  4.4
Spellcasting   | 3 |  3.6
Transmutations | 3 |  3.8
Ice Magic      | 1 2 |  2.4
Poison Magic   | 1 |  1.0

Action                   |  1- 3 |  4- 6 |  7- 9 || total
-------------------------+-------+-------+-------++-------
Melee: Unarmed           |   128 |   109 |    31 ||   268
       Headbutt          |    18 |    16 |     3 ||    37
       Kick              |    21 |    18 |     7 ||    46
       Tailslap          |     8 |     5 |     4 ||    17
       Punch             |     2 |     1 |     1 ||     4
 Cast: Beastly Appendage |    34 |    22 |     2 ||    58
       Spider Form       |       |     2 |       ||     2
Invok: Lunge             |       |     3 |     2 ||     5
 Abil: Breathe Steam     |       |       |     3 ||     3
  Use: Scroll            |     5 |     7 |       ||    12
       Potion            |       |       |     1 ||     1
Armor: Skin              |    41 |    26 |    12 ||    79
Dodge: Dodged            |    78 |    74 |    14 ||   166

Table legend: (Time is in decaauts)
 A = Elapsed time spent in this place.
 B = Non-inter-level travel time spent in this place.
 C = Inter-level travel time spent in this place.
 D = Time resting spent in this place.
 E = Time spent auto-exploring this place.
 F = Levels seen in this place.
 G = Mean time per level.
                   A        B        C        D        E       F      G
               +--------+--------+--------+--------+--------+-----+--------+
         Total |   6041 |   5842 |    199 |      9 |   5099 |   6 | 1006.8 |
       Dungeon |   5827 |   5655 |    172 |      9 |   4946 |   5 | 1165.4 |
        Temple |    213 |    187 |     26 |      0 |    153 |   1 |  213.0 |
               +--------+--------+--------+--------+--------+-----+--------+

Top non-repeatable levels by time:
     D:3: 1750 daAuts
     D:2: 1257 daAuts
     D:1: 1101 daAuts
     D:4: 1005 daAuts
     D:5: 712 daAuts
  Temple: 213 daAuts
